 Dungeon Crawl Stone Soup version 0.29.1-1-gd02db6906a (webtiles) character file.

Game seed: 1940823524196619953

35 Sabo the Gusty (level 3, 0/21 HPs)
             Began as an Octopode Air Elementalist on Oct 9, 2022.
             Was an Initiate of Gozag.
             Slain by Terence
             ... wielding a +0 mace
              (2 damage)
             ... on level 2 of the Dungeon.
             The game lasted 00:10:24 (1212 turns).

Sabo the Gusty (Octopode Air Elementalist)          Turns: 1212, Time: 00:10:25

Health: 0/21       AC:  1    Str:  7    XL:     3   Next: 33%
Magic:  3/6        EV: 13    Int: 19    God:    Gozag
Gold:   54         SH:  0    Dex: 12    Spells: 5/6 levels left

rFire   . . .      SeeInvis .   h - +0 hand axe
rCold   . . .      Faith    .   (no shield)
rNeg    . . .      Spirit   .   (helmet restricted)
rPois   .          Reflect  .   (no amulet)
rElec   .          Harm     .   (no ring)
rCorr   .          Rampage  .   (no ring)
Will    .....                   (no ring)
Stlth   +++.......              (no ring)
HPRegen 0.07/turn               (no ring)
MPRegen 0.10/turn               (no ring)
                                (no ring)
                                (no ring)

@: mighty
A: almost no armour, amphibious, 8 rings, camouflage 1, gelatinous body 1,
(nimble swimmer 1), tentacles
a: Renounce Religion, Potion Petition, Call Merchant, Bribe Branch


You were on level 2 of the Dungeon.
You worshipped Gozag.
Gozag was noncommittal.
You visited 1 branch of the dungeon, and saw 2 of its levels.

You collected 89 gold pieces.
You paid 35 gold pieces to Gozag.

Inventory:

Hand Weapons
 e - a +0 sling
 h - a +0 hand axe (weapon)
 l - a +0 dagger of speed
Scrolls
 b - a scroll of silence {unknown}
 c - 2 scrolls of vulnerability {unknown}
 f - a scroll of brand weapon {unknown}
 i - a scroll of poison {unknown}
Potions
 a - a potion of magic
 d - a potion of might
 g - a potion of brilliance {unknown}
 j - 2 potions of curing
 k - 2 potions of cancellation {unknown}


   Skills:
 + Level 0.1 Axes
 + Level 2.0 Dodging
 + Level 2.9 Stealth
 + Level 2.4 Spellcasting
 + Level 1.2 Conjurations
 + Level 3.8 Air Magic


You had 5 spell levels left.
You knew the following spells:

 Your Spells              Type           Power      Damage    Failure   Level
a - Shock                 Conj/Air       44%        1d5       6%          1

Your spell library contained the following spells:

 Spells                   Type           Power      Damage    Failure   Level
 Static Discharge         Conj/Air       11%        3-5/arc   9%          2
 Swiftness                Air            16%        N/A       10%         3
 Airstrike                Air            8%         2d(2-18)  32%         4


Dungeon Overview and Level Annotations

Branches:
Dungeon (1/15)

Altars:
Gozag

Shops:
D:2 ?

Annotations:
D:2 Terence


Innate Abilities, Weirdness & Mutations

You cannot wear most types of armour.
You are amphibious.
You can wear up to eight rings at the same time.
Your skin changes colour to match your surroundings (Stealth+).
Your rubbery body absorbs attacks. (AC +1, EV +1)
((You are camouflaged when in or above water. (Stealth+)))
You have tentacles for arms and can constrict up to eight enemies at once.


Message History

Confirm with . or Enter, or press ? or * to list all spells.
Aiming: Shock (safe; 6% risk of failure)
Press: ? - help, Shift-Dir - straight line, f/p - Terence
Aim: Terence, wielding a +0 mace and wearing a +0 scale mail (lightly wounded, 72% to hit)
The zap hits Terence but does no damage.
Terence is lightly wounded.
Casting: Shock (safe; 6% risk of failure)
Confirm with . or Enter, or press ? or * to list all spells.
Aiming: Shock (safe; 6% risk of failure)
Press: ? - help, Shift-Dir - straight line, f/p - Terence
Aim: Terence, wielding a +0 mace and wearing a +0 scale mail (lightly wounded, 72% to hit)
The zap misses Terence.
Casting: Shock (safe; 6% risk of failure)
Confirm with . or Enter, or press ? or * to list all spells.
Aiming: Shock (safe; 6% risk of failure)
Press: ? - help, Shift-Dir - straight line, f/p - Terence
Aim: Terence, wielding a +0 mace and wearing a +0 scale mail (lightly wounded, 72% to hit)
The zap hits Terence.
Terence is lightly wounded.
Terence hits you with a +0 mace!
You hit Terence but do no damage. You grab Terence.
Terence is lightly wounded.
You constrict Terence, but do no damage.
A goblin comes into view. It is wielding a +0 club.
Terence screams, "I want your blood!" Terence hits you with a +0 mace!
Ouch! That really hurt!
* * * LOW HITPOINT WARNING * * *
It was a potion of curing.
You feel better.
You constrict Terence, but do no damage.
A goblin comes into view. It is wielding a +0 dagger.
Terence hits you with a +0 mace!
* * * LOW HITPOINT WARNING * * *
Your magical contamination has completely faded away.
It was a potion of might.
You feel very mighty all of a sudden.
You constrict Terence, but do no damage.
Terence hits you with a +0 mace.
You die...
Your body crumbles into a pile of gold.

.........# #...#........
.........# #...#........
########+### #####........
...........# #........
...........#########.####...
........................+...
..................##.#### ..
.....#............##.#
....$..._......@@.##.#
g...#.............##.#
....##..)..........#.#
....####...........#.#
....## #'#............
.........g.........#.##
..........g.#?######.#
+#.......!g$'.. ... .... #.#


You could see Terence, a hobgoblin (wandering) and 2 goblins.

Vanquished Creatures
  2 dart slugs
  3 ball pythons
  2 bats (D:1)
  4 endoplasms
  4 goblins
  2 hobgoblins
  3 kobolds
  3 quokkas
  A frilled lizard (D:2)
  3 rats
27 creatures vanquished.

Notes
Turn   | Place    | Note
-------+----------+-------------------------------------------
     0 | D:1      | Sabo the Octopode Air Elementalist began the quest for the
                  | Orb.
     0 | D:1      | Reached XP level 1. HP: 11/11 MP: 3/3
   381 | D:1      | Reached XP level 2. HP: 17/17 MP: 1/5
   703 | D:1      | You fall into a shaft and drop 1 floor!
   788 | D:2      | Reached XP level 3. HP: 13/21 MP: 1/6
  1098 | D:2      | Found Losuolli's Magic Scroll Boutique.
  1158 | D:2      | Found an opulent altar of Gozag.
  1183 | D:2      | Became a worshipper of Gozag Ym Sagoz the Greedy
  1195 | D:2      | Noticed Terence
  1212 | D:2      | Slain by Terence

Illustrated notes

Levels and vault maps discovered:
D:1:      moated_graveyard_arrival, layout_rooms
D:2:      layout_basic, serial_shops, nicolae_shop_hallway_plus, basic_altar,
          uniq_robin, uniq_terence

Action                   || total
-------------------------++-------
Melee: Unarmed           ||     3
       Constrict         ||     3
       Hand axe          ||     3
       Tentacles         ||     2
 Cast: Shock             ||    50
  Use: Potion            ||     3
Dodge: Dodged            ||     5
